AoeStats
← flusha

Four Lakes

509738653Analyzed
1v1 RM · 3d ago on Sep 27, 2026· 33m 8s· 2 players
Game mode
Random Map
Map size
Tiny (2 player)
Population
200
Speed
Normal
Resources
Standard
Victory
Conquest
Starting age
Dark Age
Ending age
Imperial Age
RankedLock teamsTeams togetherTeam positionsShared explorationLock speedFull tech treeHidden civsTurbo modeCheats
Victory
Defeat
🇦🇷 Britons · Argentina
1027
+15
🇺🇸 Persians · United States
1001
-42
Brown Millie Bobby Brown
13:21 Feudal Age
14:28 Horse Collar
15:01 Double-Bit Axe
14:52 Man-at-Arms
19:49 Gold Mining
21:15 Scale Mail Armor
21:26 Forging
26:58 Castle Age
flusha
7:34 Loom
9:45 Feudal Age
11:01 Wheelbarrow
10:12 Double-Bit Axe
10:09 Horse Collar
12:02 Man-at-Arms
13:15 Arson
13:32 Scale Mail Armor
20:44 Castle Age
20:08 Stone Mining
21:05 Padded Archer Armor
20:56 Fletching
21:04 Gold Mining
21:12 Fishing Lines
21:49 Bow Saw
22:11 Leather Archer Armor
22:22 Heavy Plow
23:57 Hand Cart
23:53 Gillnets
25:41 Bodkin Arrow
29:09 Murder Holes
33:14 Imperial Age
32:35 Ballistics
Connection lost

Rejoining the realm…

Still unreachable

The connection could not be restored.

Session expired

The server has moved on; the page needs a fresh start.